 Dungeon Crawl Stone Soup version 0.18.1-50-g88ac8fd (webtiles) character file.

77 lorenzova the Conjurer (level 4, -6/24 HPs)
             Began as a Deep Elf Conjurer on Oct 23, 2016.
             Killed by divine providence
             ... invoked by an orc priest
              (17 damage)
             ... on level 3 of the Dungeon.
             The game lasted 00:03:57 (1945 turns).

lorenzova the Conjurer (Deep Elf Conjurer)          Turns: 1945, Time: 00:03:58

Health: -6/24      AC:  2    Str:  5    XL:     4   Next: 14%
Magic:  2/12       EV: 13    Int: 21    God:
Gold:   124        SH:  0    Dex: 18    Spells: 2 memorised, 7 levels left

rFire  . . .     SeeInvis .     h - +0 dagger (venom)
rCold  . . .     Gourm    .     a - +0 robe
rNeg   . . .     Faith    .     (no shield)
rPois  +         Spirit   .     (no helmet)
rElec  .         Dismiss  .     (no cloak)
rCorr  .         Reflect  .     (no gloves)
SustAt .         Harm     .     (no boots)
MR     .....                    (no amulet)
Stlth  ++........               i - +3 ring of dexterity
                                d - ring of poison resistance

@: not resistant to hostile enchantments, unstealthy
A: no striking features
a: no special abilities


You were on level 3 of the Dungeon.
You were not hungry.

You visited 1 branch of the dungeon, and saw 3 of its levels.

You collected 124 gold pieces.

Inventory:

Hand Weapons
 h - a +0 dagger of venom (weapon)
Armour
 a - a +0 robe (worn)
 g - a cursed +0 leather armour
Jewellery
 d - a ring of poison resistance (left hand)
 i - a +3 ring of dexterity (right hand)
Scrolls
 e - a scroll of amnesia {unknown}
 f - a scroll of identify {unknown}
 n - a scroll of magic mapping {unknown}
Potions
 k - a potion of agility {unknown}
 m - a potion of invisibility {unknown}
 o - a potion of cure mutation {unknown}
Books
 b - a book of Conjurations

   Spells                             Type                      Level
   a - Magic Dart                     Conjuration                  1
   b - Searing Ray                    Conjuration                  2
   c - Dazzling Spray                 Conjuration/Hexes            3
   d - Fulminant Prism                Conjuration/Hexes            4
   e - Iskenderun's Mystic Blast      Conjuration                  4
   f - Iskenderun's Battlesphere      Conjuration/Charms           5
Comestibles
 c - 4 bread rations
 j - a royal jelly
 l - a meat ration
 p - 3 fruits


   Skills:
 - Level 2.4 Dodging
 - Level 2.4 Stealth
 + Level 4.8 Spellcasting
 + Level 5.4 Conjurations


You had 7 spell levels left.
You knew the following spells:

 Your Spells              Type           Power        Failure   Level  Hunger
a - Magic Dart            Conj           ####         1%          1    None
b - Iskenderun's Mystic   Conj           ####....     14%         4    ####...


Dungeon Overview and Level Annotations

Branches:
Dungeon (3/15)

Altars:
Fedhas
Nemelex Xobeh
Trog


Message History

Aim: an orc priest, wielding a dagger The orb of energy misses the orc priest.
Casting: Iskenderun's Mystic Blast
Confirm with . or Enter, or press ? or * to list all spells.
Aiming: Iskenderun's Mystic Blast
Press: ? - help, Shift-Dir - straight line, f/p - orc priest
Aim: an orc priest, wielding a dagger The orb of energy hits the orc priest.
The orc priest is severely wounded.
You hear a shout! x2 2 orcs come into view.
The orc priest mumbles some strange prayers to Beogh against you.
You barely resist.
The orc priest invokes the aid of Beogh against you.
Beogh smites you!
Ouch! That really hurt!
The orc priest invokes the aid of Beogh against you.
Beogh smites you!
Ouch! That really hurt!
You die...

#..#.##.#.#
#..#.##.#.#
#..#.##.#.#
#o.#.##.#.##
#o.#.......#
#..####.####
#..#......#
##########..#.##.#.#
#........@..#....#.#
#.#########.######.##
#.# #.........#
#.################.##
#................#.#
################.#.#
#<....# #.### #####.#
#.# #.# #.#


You could see an orc priest and an orc.

Vanquished Creatures
  2 adders (D:2)
  An ooze (D:1)
  A worm (D:3)
  2 dart slugs (D:1)
  2 giant geckos
  A giant cockroach (D:2)
  4 goblins
  8 hobgoblins
  5 jackals (D:1)
  4 kobolds
  A quokka (D:2)
  A ball python (D:1)
  3 bats
  2 giant newts (D:2)
  8 rats
45 creatures vanquished.

Notes
Turn   | Place    | Note
--------------------------------------------------------------
     0 | D:1      | lorenzova the Deep Elf Conjurer began the quest for the Orb.
     0 | D:1      | Reached XP level 1. HP: 10/10 MP: 6/6
   296 | D:1      | Reached XP level 2. HP: 15/15 MP: 5/8
   800 | D:1      | Reached XP level 3. HP: 19/19 MP: 7/10
   934 | D:1      | Reached skill level 5 in Conjurations
  1159 | D:2      | Found a sparkling altar of Nemelex Xobeh.
  1383 | D:2      | Found a bloodstained altar of Trog.
  1408 | D:2      | Found a faded altar to an unknown god.
  1488 | D:2      | Reached XP level 4. HP: 24/24 MP: 8/12
  1494 | D:2      | Learned a level 4 spell: Iskenderun's Mystic Blast
  1546 | D:2      | Found a blossoming altar of Fedhas.
  1945 | D:3      | Killed from afar by an orc priest

Skill      XL: |  1  2  3 |
---------------+----------+-----
Spellcasting   | 4 |  4.8
Conjurations   | 5 |  5.4
Dodging        | |  2.4
Stealth        | |  2.4

Action                   |  1- 3 |  4- 6 || total
-------------------------+-------+-------++-------
 Cast: Magic Dart        |    78 |    15 ||    93
       Iskenderun's Myst |       |     2 ||     2
  Eat: Chunk             |     1 |     2 ||     3
Armor: Robe              |     1 |       ||     1
Dodge: Dodged            |     2 |       ||     2
